Map: Emerald City LE

Players

OpuS

  • Race: Protoss Protoss
  • League: Platinum
  • Spawn Location: 5:00

Sketchaphone

  • Race: Zerg Zerg
  • League: Platinum
  • Spawn Location: 5:00

IIIIIIIII - Winner!

  • Race: Protoss Protoss
  • Spawn Location: 11:00

Aela - Winner!

  • Race: Zerg Zerg
  • Spawn Location: 11:00

VOD

Have the link to the VOD?

Description

Time

  • Played on: Feb. 13, 2019, 8:41 p.m.
  • Length: 11:39
Show
View Real Time Build Order
Export as new Build Order

OpuS Protoss 

Build Orders: Oracle Opening 

Get SALT Encoding   

  12  0:01  Probe  
  13  0:13  Probe  
  14  0:26  Pylon  
  14  0:28  Probe  
  15  0:43  Probe  
  15  0:45  Gateway  
  16  0:51  Probe  
  17  0:59  Assimilator  
  17  1:01  Probe  
  18  1:13  Probe  
  19  1:32  Probe  
  19  1:34  Cybernetics Core  
  20  1:40  Probe  
  21  1:52  Nexus  
  21  1:56  Pylon  
  21  2:01  Probe  
  22  2:13  Probe, Assimilator  
  22  2:14  Warp Gate  
  23  2:21  Gateway  
  23  2:28  Gateway  
  23  2:34  Probe  
  23  2:42  Probe  
  24  2:45  Adept  
  26  2:55  Stargate  
  26  3:03  Probe  
  26  3:04  Probe  
  28  3:15  Probe  
  28  3:16  Probe  
  28  3:17  Zealot x2  
  34  3:27  Pylon, Probe  
  34  3:28  Probe  
  36  3:37  Oracle  
  36  3:39  Probe  
  40  3:50  Pylon, Zealot  
  40  3:53  Zealot  
  42  4:04  Probe x2  
  44  4:20  Probe x2  
  44  4:22  Pylon  
  46  4:28  Twilight Council  
  46  4:34  Zealot x3  
  46  4:36  Probe  
  53  4:44  Shield Battery  
  53  4:46  Shield Battery  
  53  4:54  Charge  
  53  5:01  Zealot  
  53  5:02  Zealot x2  
  53  5:05  Probe x2  
  61  5:26  Stalker x3  
  67  5:34  Pylon  
  67  5:35  Pylon  
  67  5:48  Probe x2  
  69  5:51  Pylon, Void Ray  
  73  5:59  Assimilator  
  73  6:00  Probe x2  
  73  6:03  Assimilator  
  75  6:08  Zealot x2  
  75  6:09  Zealot  
  81  6:12  Probe x2  
  83  6:23  Stargate  
  83  6:24  Probe x2  
  85  6:31  Stargate  
  85  6:34  Void Ray  
  85  6:36  Probe  
  90  7:00  Zealot  
  90  7:01  Zealot  
  94  7:05  Pylon  
  94  7:07  Pylon  
  94  7:09  Pylon  
  91  7:16  Nexus  
  91  7:23  Void Ray x2  
  91  7:24  Pylon  
  99  7:37  Void Ray  
  99  7:51  Zealot x3  
  99  7:57  Fleet Beacon  
  105  8:00  Pylon  
  105  8:02  Pylon  
  105  8:13  Void Ray  
  109  8:20  Void Ray  
  109  8:22  Probe  
  109  8:23  Probe  
  83  8:42  Zealot x3, Void Ray  
  87  8:54  Void Ray  
  81  9:04  Zealot x2  
  85  9:13  Void Ray  
  73  9:18  Probe x3  
  72  9:30  Probe  
  41  10:23  Probe  
  41  10:27  Gateway  
  42  10:29  Assimilator  
  42  10:33  Probe  
  42  10:34  Assimilator  
  14  10:41  Probe  
  13  10:49  Probe  
  11  10:57  Probe  
  11  11:00  Pylon  
  12  11:04  Gateway  
  12  11:05  Probe  
  12  11:07  Gateway  
  12  11:08  Gateway  
  13  11:14  Probe  
  13  11:15  Cybernetics Core  
  14  11:24  Probe  
Show
View Real Time Build Order
Export as new Build Order

Sketchaphone Zerg 

Build Orders: Hatch First 

Get SALT Encoding   

  12  0:01  Drone  
  13  0:13  Overlord  
  13  0:18  Drone  
  14  0:23  Drone, Extractor  
  15  0:32  Drone  
  15  0:35  Drone  
  17  0:54  Hatchery  
  16  0:57  Drone  
  16  1:01  Drone, Extractor  
  17  1:10  Drone  
  18  1:22  Spawning Pool  
  17  1:29  Drone x2  
  19  1:39  Drone  
  20  1:50  Overlord  
  20  2:05  Drone  
  21  2:08  Metabolic Boost  
  21  2:11  Zergling x2  
  21  2:13  Queen  
  21  2:14  Queen  
  26  2:16  Drone  
  26  2:20  Drone  
  28  2:27  Drone  
  28  2:29  Drone  
  30  2:40  Drone  
  30  2:41  Drone  
  32  2:54  Drone  
  33  3:00  Hatchery  
  32  3:10  Overlord  
  31  3:13  Overlord  
  31  3:15  Drone  
  31  3:16  Drone  
  31  3:19  Drone  
  34  3:23  Overlord  
  34  3:28  Overlord  
  34  3:29  Roach Warren  
  34  3:32  Queen  
  34  3:33  Drone x2  
  37  3:39  Zergling x4  
  39  3:41  Zergling x2  
  39  3:43  Zergling x2  
  39  3:44  Zergling x2  
  42  4:09  Roach x2  
  48  4:10  Overlord, Roach  
  48  4:11  Roach x4  
  56  4:18  Drone  
  57  4:26  Drone  
  52  4:53  Spine Crawler  
  52  4:57  Roach x7  
  52  4:58  Drone x2  
  52  4:59  Drone x3  
  60  5:13  Zergling x6  
  60  5:14  Spore Crawler  
  62  5:15  Spine Crawler  
  62  5:21  Zergling x6  
  64  5:31  Zergling x2  
  64  5:33  Zergling x4  
  67  5:37  Queen  
  67  5:38  Drone  
  67  5:45  Roach x2  
  71  5:50  Roach  
  71  5:51  Overlord  
  71  5:52  Drone  
  74  6:05  Evolution Chamber, Drone  
  74  6:07  Overlord  
  74  6:09  Queen  
  74  6:16  Roach x3  
  77  6:22  Roach x3  
  78  6:32  Roach  
  76  6:34  Roach  
  76  6:35  Zergling x14  
  85  6:41  Extractor  
  84  6:48  Overlord x2  
  84  6:56  Overlord x2  
  84  7:04  Overlord  
  72  7:18  Roach x6  
  72  7:19  Zergling x8  
  72  7:20  Zergling x2  
  76  7:35  Zergling x12  
  82  7:42  Zergling x2  
  83  7:46  Zergling x2  
  83  7:51  Evolution Chamber  
  82  7:52  Drone  
  54  8:17  Drone x4  
  54  8:18  Extractor  
  57  8:20  Extractor  
  57  8:21  Zerg Melee Weapons Level 1  
  57  8:22  Overlord  
  57  8:23  Drone x3  
  59  8:27  Drone  
  59  8:30  Hatchery  
  59  8:32  Lair  
  59  8:34  Roach  
  61  8:39  Zergling x2  
  59  8:42  Zergling x2  
  58  8:55  Roach  
  58  8:56  Roach x6  
  58  9:02  Zergling x2  
  67  9:11  Zergling x4  
  52  9:24  Zergling x2  
  52  9:25  Zergling x2  
  52  9:28  Ravager x2  
  52  9:29  Ravager x2  
  58  9:31  Zergling x8  
  64  9:38  Zergling x4  
  57  10:02  Zergling x4  
  57  10:03  Zergling x6  
  57  10:04  Zergling x2  
  51  10:15  Roach x2  
  47  10:24  Zergling x2  
  6  11:07  Hatchery  
Show
View Real Time Build Order
Export as new Build Order

IIIIIIIII Protoss - Winner!

Build Orders:  

Get SALT Encoding   

  12  0:01  Probe  
  13  0:13  Pylon  
  13  0:18  Probe  
  14  0:30  Probe  
  15  0:35  Gateway  
  15  0:41  Probe  
  15  0:49  Probe  
  16  0:56  Assimilator  
  17  0:58  Probe  
  18  1:08  Assimilator  
  18  1:09  Probe  
  19  1:17  Gateway  
  19  1:21  Probe  
  19  1:22  Pylon  
  20  1:33  Cybernetics Core  
  20  1:39  Probe  
  21  1:47  Probe  
  22  1:55  Probe  
  23  2:07  Probe  
  24  2:10  Stargate  
  24  2:17  Robotics Facility  
  24  2:19  Probe  
  25  2:25  Warp Gate  
  25  2:29  Pylon  
  25  2:31  Probe  
  25  2:32  Stalker  
  25  2:35  Stalker  
  30  2:43  Probe  
  31  3:00  Observer  
  31  3:04  Twilight Council, Gateway  
  32  3:17  Forge  
  32  3:18  Immortal  
  36  3:48  Nexus  
  36  4:01  Warp Prism  
  38  4:09  Pylon  
  38  4:21  Photon Cannon  
  38  4:24  Pylon  
  36  5:22  Stalker x2  
  38  5:45  Zealot x3  
  38  5:46  Probe, Blink  
  38  5:47  Immortal  
  38  5:49  Probe  
  36  5:54  Protoss Ground Weapons Level 1  
  36  5:59  Probe  
  36  6:01  Probe  
  42  6:04  Gateway  
  42  6:05  Gateway x2  
  42  6:13  Stalker  
  42  6:14  Stalker  
  42  6:15  Stalker  
  48  6:24  Probe  
  47  6:38  Immortal  
  51  6:54  Stalker x2  
  51  6:55  Stalker  
  57  7:10  Immortal  
  61  7:25  Probe x2  
  61  7:29  Assimilator  
  63  7:30  Assimilator  
  63  7:32  Photon Cannon  
  63  7:35  Photon Cannon  
  63  7:37  Probe  
  64  7:44  Stalker x3  
  64  7:47  Charge  
  64  7:49  Pylon  
  70  8:14  Stalker x4  
  78  8:21  Protoss Ground Weapons Level 2  
  78  8:22  Pylon  
  78  8:26  Pylon  
  78  8:28  Pylon  
  76  9:14  Stalker x4  
  78  9:22  Stalker  
  78  9:38  Stalker x3  
  84  9:40  Zealot x2  
  86  10:32  Stalker x5  
  86  10:33  Stalker  
  86  10:35  Probe x2  
  96  10:47  Probe x2  
Show
View Real Time Build Order
Export as new Build Order

Aela Zerg - Winner!

Build Orders: Hatch First 

Get SALT Encoding   

  12  0:00  Drone  
  13  0:08  Drone  
  14  0:19  Overlord  
  14  0:38  Drone x3  
  17  0:57  Hatchery  
  16  1:00  Drone  
  16  1:02  Extractor  
  16  1:03  Drone  
  17  1:19  Spawning Pool  
  17  1:21  Drone  
  17  1:27  Drone  
  18  1:35  Drone  
  19  1:52  Overlord  
  19  2:06  Metabolic Boost  
  19  2:07  Queen  
  21  2:09  Queen  
  23  2:20  Zergling x4  
  25  2:23  Drone x3  
  28  2:30  Drone  
  29  2:53  Hatchery  
  28  3:04  Drone x4  
  28  3:05  Drone x2  
  34  3:12  Baneling Nest  
  34  3:16  Drone  
  35  3:27  Overlord, Drone x2  
  36  3:46  Drone  
  36  3:47  Drone x5  
  36  3:48  Roach Warren  
  41  3:49  Evolution Chamber  
  39  4:16  Zerg Missile Weapons Level 1  
  38  4:19  Drone x5, Extractor x2  
  38  4:20  Queen  
  43  4:25  Lair  
  43  4:29  Roach x3  
  49  4:39  Spine Crawler  
  48  4:47  Drone x2  
  48  4:48  Overlord x3  
  50  5:03  Spine Crawler  
  50  5:05  Drone  
  50  5:07  Overlord x4  
  50  5:23  Drone x3  
  50  5:25  Roach x4  
  50  5:26  Roach  
  63  5:44  Drone  
  63  5:45  Drone x9  
  73  5:51  Glial Reconstitution  
  73  6:00  Ravager x4  
  73  6:01  Ravager x2  
  73  6:02  Roach x2  
  83  6:05  Overlord  
  77  6:25  Roach  
  77  6:26  Roach x7  
  91  6:37  Overlord x2  
  91  6:39  Extractor  
  90  6:43  Roach x4  
  90  6:44  Roach x2  
  102  6:50  Roach x2  
  102  6:54  Ravager x3  
  105  7:00  Spore Crawler  
  97  7:01  Spore Crawler  
  97  7:04  Queen  
  84  7:24  Roach x4  
  84  7:25  Roach x6  
  91  7:50  Roach  
  91  7:51  Roach x8  
  101  8:06  Zergling x12  
  101  8:07  Zergling x2  
  108  8:13  Drone  
  108  8:18  Zergling x4  
  107  8:21  Spire  
  106  8:28  Ravager  
  88  8:45  Roach  
  88  8:46  Roach x8  
  103  9:02  Roach x3  
  108  9:03  Roach x3  
  108  9:21  Drone  
  108  9:22  Drone x4  
  108  9:24  Extractor  
  110  9:44  Spore Crawler  
  110  9:45  Spore Crawler  
  108  9:49  Extractor  
  108  9:50  Drone x6  
  108  9:51  Drone  
  103  10:22  Overlord x4  
  103  10:30  Mutalisk  
  103  10:31  Mutalisk x8  
  103  10:35  Overlord x3  
  121  10:43  Mutalisk x4  
  129  10:58  Spine Crawler  
  129  10:59  Spine Crawler  
  127  11:09  Drone x6  
  127  11:10  Drone x3  
  136  11:14  Drone x4  
  140  11:26  Hatchery  
Tags
 
Add a new tag
Caveats
  • Supply blocks, unpowered buildings, or Contaminate may cause inaccurate times.
  • Supply counts are checked every 10 seconds.